 Dungeon Crawl Stone Soup version 0.29.1-13-g9f3cf754e1 (webtiles) character file.

Game seed: 445986716049228912

386 cheesebisquit the Trooper (level 7, 0/53 HPs)
             Began as a Djinni Fire Elementalist on Jan 22, 2023.
             Slain by Edmund
             ... wielding a +1 dire flail of venom
              (8 damage)
             ... on level 4 of the Dungeon.
             The game lasted 00:19:07 (4340 turns).

cheesebisquit the Trooper (DjFE)                    Turns: 4340, Time: 00:19:08

Health: 0/53       AC:  3    Str:  7    XL:     7   Next: 6%
Gold:   84         EV: 12    Int: 18    God:
                   SH:  0    Dex: 14

rFire   + + .      SeeInvis .   (no weapon)
rCold   . . .      Faith    .   (no shield)
rNeg    . . .      Spirit   .   a - +0 robe
rPois   ∞          Reflect  .   t - +0 helmet
rElec   .          Harm     .   (no cloak)
rCorr   .          Rampage  .   (no gloves)
Will    .....                   (boots unavailable)
Stlth   ++........              (no amulet)
HPRegen 0.17/turn               v - ring of protection from cold
MPRegen 0.00/turn               (no ring)

@: flying
A: sickness immunity, fire resistance 2, cold vulnerability 1, float, innate
caster, HP casting, extra vitality 1
a: no special abilities


You were on level 4 of the Dungeon.
You visited 1 branch of the dungeon, and saw 4 of its levels.

You collected 216 gold pieces.
You spent 132 gold pieces at shops.

Inventory:

Missiles
 g - 2 silver boomerangs
 u - 6 poisoned darts
Armour
 a - a +0 robe (worn)
 c - a +2 kite shield
 t - a +0 helmet (worn)
Jewellery
 v - a ring of protection from cold (left hand)
Scrolls
 h - a scroll of fog {unknown}
 i - a scroll of amnesia {unknown}
 l - a scroll of noise {unknown}
 m - a scroll of vulnerability {unknown}
 n - 3 scrolls of teleportation
 p - a scroll of summoning {unknown}
 q - a scroll of magic mapping {unknown}
 r - 2 scrolls of enchant armour {unknown}
 s - 2 scrolls of identify
Potions
 b - 2 potions of mutation
 d - 2 potions of curing
 e - 3 potions of heal wounds
 f - 2 potions of attraction
 j - a potion of lignification {unknown}
 k - a potion of flight {unknown}
 o - 2 potions of cancellation {unknown}
 w - a potion of might {unknown}


   Skills:
 + Level 4.4 Fighting
 - Level 2.1 Dodging
 - Level 1.5 Stealth
 + Level 4.4 Spellcasting


You couldn't memorise any spells.
You knew the following spells:

 Your Spells              Type           Power      Damage    Failure   Level
a - Foxfire               Conj/Fire      76%        2x1d7     2%          1
b - Scorch                Fire           38%        2d6       3%          2
c - Conjure Flame         Conj/Fire      19%        6-21      7%          3
d - Inner Flame           Hex/Fire       19%        N/A       7%          3
e - Flame Wave            Conj/Fire      19%        2d7       22%         4
f - Wereblood             Tmut           19%        N/A       3%          2
g - Passwall              Tmut/Erth      15%        N/A       3%          2
z - Summon Small Mammal   Summ           76%        N/A       2%          1
Your spell library was empty.

Dungeon Overview and Level Annotations

Branches:
Dungeon (4/15)
 Temple: D:4-7

Altars:
Trog
Uskayaw

Shops:
D:2 *   D:3 [

Annotations:
D:4 Edmund


Innate Abilities, Weirdness & Mutations

You are immune to sickness and miasma.
You are immune to poison.
Your flesh is very heat resistant. (rF++)
You are vulnerable to cold. (rC-)
You float through the air rather than walking.
You learn spells naturally, not from books.
Your magical power is your life essence.
You have superior vitality. (+4 MHP)


Message History

Edmund is lightly wounded.
Your rat bites Edmund but does no damage.
Casting: Foxfire (safe; 2% risk of failure)
Confirm with . or Enter, or press ? or * to list all spells.
You conjure some foxfire!
Edmund closely misses you.
Your rat closely misses Edmund.
Your rat bites Edmund but does no damage.
The foxfire hits Edmund!
Edmund is moderately wounded.
The foxfire hits Edmund.
Edmund is moderately wounded.
Edmund hits your rat with a +1 dire flail of venom!
Your rat dies!
Your rat's corpse disappears in a puff of smoke!
Your rat bites Edmund.
Casting: Foxfire (safe; 2% risk of failure)
Confirm with . or Enter, or press ? or * to list all spells.
You swap places.
Your quokka bites Edmund.
Casting: Summon Small Mammal (safe; 2% risk of failure)
Confirm with . or Enter, or press ? or * to list all spells.
You conjure some foxfire!
Your quokka barely misses Edmund.
Edmund hits you with a +1 dire flail of venom!
* * * LOW HITPOINT WARNING * * *
Your rat bites Edmund but does no damage.
The foxfire hits Edmund but does no damage.
Edmund is heavily wounded.
The foxfire hits Edmund but does no damage.
Edmund is heavily wounded.
Your quokka bites Edmund.
Your quokka closely misses Edmund.
Your quokka bites Edmund.
Edmund clears his throat.
Your rat disappears in a puff of smoke!
Your quokka bites Edmund.
Your quokka bites Edmund but does no damage.
Edmund attacks as you move away! Edmund closely misses you.
Edmund says, "A flail is better than a scythe, any day of the week!"
Edmund attacks as you move away!
Edmund hits you with a +1 dire flail of venom!
You die...

....##...#....... .. ...
#................ ... ..###..
###... .....#..... ##.##......>##
#....# #...#... .........#..#.
.....## #..##.# ....#.........
......###.....# ###....#.........
..............###...##...........
.....###.....r.#...##............
......##.....#.@@....<..........#
......#..#..##.............#...<#
.##......####.............##....#
.........##..........##.#......##
....................##.........#
...##......................##.##
..#####....#...##.........#####
...# .............#......#
............##.##..#.......


You could see Edmund (ally target) and a friendly quokka (summoned).

Vanquished Creatures
  Sigmund (D:3)
  Jessica (D:2)
  An iguana (D:3)
  Terence (D:2)
  Robin (D:3)
  4 adders
  A worm (D:3)
  A dart slug (D:2)
  6 orcs (D:3)
  9 endoplasms
  4 giant cockroaches
  13 goblins
  9 hobgoblins
  3 jackals (D:3)
  A quokka (D:2)
  4 ball pythons
  5 bats
  5 frilled lizards
  A kobold (D:2)
  3 rats
74 creatures vanquished.

Vanquished Creatures (collateral kills)
  An adder (D:4)
1 creature vanquished.

Vanquished Creatures (others)
  118 foxfires
118 creatures vanquished.

Grand Total: 193 creatures vanquished

Notes
Turn   | Place    | Note
-------+----------+-------------------------------------------
     0 | D:1      | cheesebisquit the Djinni Fire Elementalist began the quest
                  | for the Orb.
     0 | D:1      | cheesebisquit set off with the following spells memorised:
                  | Foxfire, Scorch, Conjure Flame, Inner Flame, Flame Wave.
     0 | D:1      | Reached XP level 1. HP: 15/15 MP: 0/0
   310 | D:1      | Reached XP level 2. HP: 19/22 MP: 0/0
   545 | D:1      | Reached skill level 1 in Fighting
   763 | D:1      | Reached XP level 3. HP: 25/27 MP: 0/0
   763 | D:1      | Learned a level 1 spell: Summon Small Mammal
  1398 | D:2      | Noticed Jessica
  1403 | D:2      | Killed Jessica
  1404 | D:2      | Reached XP level 4. HP: 31/33 MP: 0/0
  1540 | D:2      | Found Nemaogh's General Store.
  1653 | D:2      | Bought a scroll of identify for 22 gold pieces
  1653 | D:2      | Bought a scroll of identify for 22 gold pieces
  1653 | D:2      | Bought a scroll of teleportation for 33 gold pieces
  1938 | D:2      | Found a faded altar of an unknown god.
  1994 | D:2      | Noticed Terence
  2007 | D:2      | Killed Terence
  2008 | D:2      | Reached XP level 5. HP: 14/39 MP: 0/0
  2008 | D:2      | Learned a level 2 spell: Passwall
  2576 | D:2      | Bought a scroll of identify for 22 gold pieces
  2576 | D:2      | Bought a potion of curing for 33 gold pieces
  2848 | D:3      | Found Hostro Buma's Armour Shop.
  2919 | D:3      | Noticed Robin
  2935 | D:3      | HP: 1/40 [Robin/+3 short sword of draining (5)]
  2935 | D:3      | Killed Robin
  3565 | D:3      | Noticed Sigmund
  3575 | D:3      | Killed Sigmund
  3576 | D:3      | Reached XP level 6. HP: 35/47 MP: 0/0
  3681 | D:3      | Found a bloodstained altar of Trog.
  3877 | D:3      | Found a hide-covered altar of Uskayaw.
  4091 | D:3      | Reached XP level 7. HP: 52/53 MP: 0/0
  4091 | D:3      | Learned a level 2 spell: Wereblood
  4306 | D:4      | Noticed Edmund
  4340 | D:4      | Slain by Edmund

Illustrated notes

Levels and vault maps discovered:
D:1:      lightli_arrival_lavapool, layout_loops_ring
D:2:      minmay_skewed_foursquare, layout_basic, serial_shops, shop,
          shapermc_ecumenical_altar_petra, uniq_terence, uniq_jessica
D:3:      layout_loops_ring, mainiacjoe_overflow_24_doors,
          mainiacjoe_overflow_catwalk, serial_shops, nicolae_shop_crystal,
          uniq_robin, uniq_sigmund
D:4:      layout_cave_pools, nicolae_gozag_zags_fifth_avenue, serial_shops,
          nicolae_lakefront_shop, uniq_edmund

Skill      XL: |  1  2  3  4  5 |
---------------+----------------+-----
Fighting       | 1 2 4 |  4.4
Spellcasting   | 3 4 |  4.4
Dodging        | |  2.1
Stealth        | |  1.5

Action                   |  1- 3 |  4- 6 |  7- 9 || total
-------------------------+-------+-------+-------++-------
Melee: Unarmed           |       |       |    10 ||    10
 Cast: Foxfire           |    38 |    23 |    10 ||    71
       Scorch            |     4 |    45 |     2 ||    51
       Summon Small Mamm |       |     2 |    10 ||    12
  Use: Scroll            |       |     3 |       ||     3
Armor: Robe              |     1 |     4 |     4 ||     9
Dodge: Dodged            |     5 |    16 |    11 ||    32
